 Dungeon Crawl Stone Soup version 0.29-a0-553-g81b289dbe5 (webtiles) character file.

Game seed: 18008509498938267358

68 DocClef the Covert (level 4, -3/41 HPs)
             Began as a Gnoll Delver on June 6, 2022.
             Slain by Ijyb
             ... wielding a +0 club
              (4 damage)
             ... on level 3 of the Dungeon.
             The game lasted 00:01:11 (731 turns).

DocClef the Covert (Gnoll Delver)                    Turns: 731, Time: 00:01:12

Health: -3/41      AC:  3    Str: 14      XL:     4   Next: 19%
Magic:  5/5        EV: 12    Int:  9      God:
Gold:   18         SH:  0    Dex: 10 (13) Spells: 5/5 levels left

rFire   . . .      SeeInvis .   a - +0 short sword
rCold   . . .      Faith    .   (no shield)
rNeg    . . .      Spirit   .   b - +0 leather armour
rPois   .          Reflect  .   (no helmet)
rElec   .          Harm     .   (no cloak)
rCorr   .          Rampage  .   (no gloves)
Will    .....                   (no boots)
Stlth   ++++......              (no amulet)
HPRegen 0.13/turn               (no ring)
MPRegen 0.09/turn               (no ring)

@: no status effects
A: fangs 1, strong nose, distributed training
a: no special abilities


You were on level 3 of the Dungeon.
You visited 1 branch of the dungeon, and saw 3 of its levels.

You collected 18 gold pieces.

Inventory:

Hand Weapons
 a - a +0 short sword (weapon)
Armour
 b - a +0 leather armour (worn)
Wands
 g - a wand of digging (3)
Scrolls
 c - a scroll of fog
 d - a scroll of magic mapping
 e - a scroll of fear
 f - a scroll of noise {unknown}


   Skills:
 + Level 6.6 Fighting
 + Level 4.6 Short Blades
 + Level 1.0 Long Blades
 + Level 1.0 Axes
 + Level 1.0 Maces & Flails
 + Level 1.0 Polearms
 + Level 1.0 Staves
 + Level 1.0 Slings
 + Level 1.0 Bows
 + Level 1.0 Crossbows
 + Level 1.0 Throwing
 + Level 1.0 Armour
 + Level 4.6 Dodging
 + Level 9.6 Stealth
 + Level 1.0 Shields
 + Level 1.0 Unarmed Combat
 + Level 1.0 Spellcasting
 + Level 0.8 Conjurations
 + Level 0.8 Hexes
 + Level 0.8 Summonings
 + Level 0.8 Necromancy
 + Level 0.8 Translocations
 + Level 0.8 Transmutations
 + Level 0.8 Fire Magic
 + Level 0.8 Ice Magic
 + Level 0.8 Air Magic
 + Level 0.8 Earth Magic
 + Level 0.8 Poison Magic
 + Level 1.1 Invocations
 + Level 1.0 Evocations


You had 5 spell levels left.
You didn't know any spells.
Your spell library was empty.

Dungeon Overview and Level Annotations

Branches:
Dungeon (5/15)
 Temple: D:4-7

Altars:

Annotations:
D:3 Ijyb
D:4 Eustachio


Innate Abilities, Weirdness & Mutations

You have very sharp teeth.
Your uncanny sense of smell can sniff out nearby items.
Your experience applies equally to all skills.


Message History

Ijyb is heavily wounded.
Ijyb hits you with a +0 club.
* * * LOW HITPOINT WARNING * * *
You barely miss Ijyb.
Ijyb is heavily wounded.
Ijyb closely misses you.
You barely miss Ijyb.
Ijyb is heavily wounded.
Ijyb hits you with a +0 club.
* * * LOW HITPOINT WARNING * * *
You hit Ijyb but do no damage. Your bite misses Ijyb.
Ijyb is heavily wounded.
Ijyb barely misses you.
You hit Ijyb but do no damage. You bite Ijyb, but do no damage.
Ijyb is heavily wounded.
Ijyb misses you.
You hit Ijyb but do no damage.
Ijyb is heavily wounded.
Ijyb hits you with a +0 club.
* * * LOW HITPOINT WARNING * * *
You closely miss Ijyb.
Ijyb is heavily wounded.
You hit Ijyb but do no damage.
Ijyb is heavily wounded.
Ijyb misses you.
You hit Ijyb.
Ijyb is severely wounded.
Ijyb hits you with a +0 club.
* * * LOW HITPOINT WARNING * * *
You aren't carrying any potions.
You hit Ijyb.
Ijyb is almost dead.
Ijyb hits you but does no damage.
You hit Ijyb but do no damage. You bite Ijyb, but do no damage.
Ijyb is almost dead.
Ijyb closely misses you.
You hit Ijyb.
Ijyb is almost dead.
Ijyb hits you with a +0 club.
You die...

########### ∆ .##
.......!..# ## ...#
..........# ∆∆.##....
..........# ..#..#
.!.......?# .....#
..........# #...#
..!...g@†.########...###
..?.....................
#########.##.#####...###
#.##.# #....#
#.##.####....#
#.##.#.......#
#.##.#......†# ∆∆
#..#.#.......# ##
#.#.......#


You could see Ijyb.

Vanquished Creatures
  A scorpion (D:5)
  A worm (D:3)
  2 bats (D:3)
  An endoplasm (D:3)
  A hobgoblin (D:4)
  A ball python (D:4)
  A frilled lizard (D:3)
  A rat (D:3)
9 creatures vanquished.

Notes
Turn   | Place    | Note
-------+----------+-------------------------------------------
     0 | D:5      | Reached skill level 9 in Stealth
     0 | D:5      | DocClef the Gnoll Delver began the quest for the Orb.
     0 | D:5      | Reached XP level 1. HP: 23/23 MP: 1/1
     4 | D:5      | Noticed a scorpion
    30 | D:5      | Killed a scorpion
    31 | D:5      | Reached skill level 1 in Long Blades
    31 | D:5      | Reached skill level 1 in Axes
    31 | D:5      | Reached skill level 1 in Maces & Flails
    31 | D:5      | Reached skill level 1 in Polearms
    31 | D:5      | Reached skill level 1 in Staves
    31 | D:5      | Reached skill level 1 in Slings
    31 | D:5      | Reached skill level 1 in Bows
    31 | D:5      | Reached skill level 1 in Crossbows
    31 | D:5      | Reached skill level 1 in Throwing
    31 | D:5      | Reached skill level 1 in Armour
    31 | D:5      | Reached skill level 1 in Shields
    31 | D:5      | Reached skill level 1 in Unarmed Combat
    31 | D:5      | Reached skill level 1 in Spellcasting
    31 | D:5      | Reached skill level 1 in Invocations
    31 | D:5      | Reached skill level 1 in Evocations
    31 | D:5      | Reached XP level 2. HP: 3/29 MP: 1/3
    31 | D:5      | Reached XP level 3. HP: 4/35 MP: 1/4
    31 | D:5      | Reached XP level 4. HP: 5/41 MP: 1/5
   313 | D:4      | Noticed Eustachio
   678 | D:3      | Noticed Ijyb
   682 | D:3      | Paralysed by Ijyb for 2 turns
   687 | D:3      | Paralysed by Ijyb for 3 turns
   697 | D:3      | Paralysed by Ijyb for 2 turns
   728 | D:3      | HP: 1/41 [Ijyb/+0 club (2)]
   731 | D:3      | Slain by Ijyb

Illustrated notes

Levels and vault maps discovered:
D:3:      layout_basic, nicolae_vehumet_altar_sigil, mrwooster_statue_mirror,
          uniq_ijyb, uniq_natasha, uniq_crazy_yiuf_cottage
D:4:      layout_gridville, mainiacjoe_overflow_six_doors_small, uniq_duvessa,
          uniq_eustachio
D:5:      layout_rooms, uniq_blork_the_orc, uniq_pikel

Skill      XL: |  1 |
---------------+----+-----
Stealth        | |  9.6
Long Blades    | 1 |  1.0
Axes           | 1 |  1.0
Maces & Flails | 1 |  1.0
Polearms       | 1 |  1.0
Staves         | 1 |  1.0
Slings         | 1 |  1.0
Bows           | 1 |  1.0
Crossbows      | 1 |  1.0
Throwing       | 1 |  1.0
Armour         | 1 |  1.0
Shields        | 1 |  1.0
Unarmed Combat | 1 |  1.0
Spellcasting   | 1 |  1.0
Invocations    | 1 |  1.1
Evocations     | 1 |  1.0
Fighting       | |  6.6
Short Blades   | |  4.6
Dodging        | |  4.6
Conjurations   | |  0.8
Hexes          | |  0.8
Summonings     | |  0.8
Necromancy     | |  0.8
Translocations | |  0.8
Transmutations | |  0.8
Fire Magic     | |  0.8
Ice Magic      | |  0.8
Air Magic      | |  0.8
Earth Magic    | |  0.8
Poison Magic   | |  0.8

Action                   |  1- 3 |  4- 6 || total
-------------------------+-------+-------++-------
Melee: Short sword       |    22 |    61 ||    83
       Bite              |     3 |     4 ||     7
       Punch             |     1 |     1 ||     2
  Use: Potion            |       |     1 ||     1
 Stab: Sleeping          |       |     6 ||     6
Armor: Leather armour    |     3 |     9 ||    12
Dodge: Dodged            |    13 |    33 ||    46

Table legend: (Time is in decaauts)
 A = Elapsed time spent in this place.
 B = Non-inter-level travel time spent in this place.
 C = Inter-level travel time spent in this place.
 D = Time resting spent in this place.
 E = Time spent auto-exploring this place.
 F = Levels seen in this place.
 G = Mean time per level.
                   A        B        C        D        E       F      G
               +--------+--------+--------+--------+--------+-----+--------+
         Total |    700 |    700 |      0 |    397 |    136 |   3 |  233.3 |
       Dungeon |    700 |    700 |      0 |    397 |    136 |   3 |  233.3 |
               +--------+--------+--------+--------+--------+-----+--------+

Top non-repeatable levels by time:
     D:3: 333 daAuts
     D:5: 294 daAuts
     D:4: 73 daAuts
